 Dungeon Crawl Stone Soup version 0.19.0-18-g426998a (webtiles) character file.

113 dracos369 the Slasher (level 4, 0/28 HPs)
             Began as a Tengu Chaos Knight on Nov 11, 2016.
             Slain by a steam dragon (3 damage)
             ... on level 3 of the Dungeon.
             The game lasted 00:06:09 (1824 turns).

dracos369 the Slasher (Tengu Chaos Knight)          Turns: 1824, Time: 00:06:11

Health: 0/28       AC:  6    Str: 13    XL:     4   Next: 96%
Magic:  5/5        EV: 11    Int: 12    God:    Xom [.....*]
Gold:   136        SH:  0    Dex: 14    Spells: 0 memorised, 3 levels left

rFire  . . .     SeeInvis .     a - +0 falchion (chaos)
rCold  . . .     Gourm    .     b - +2 leather armour
rNeg   . . .     Faith    .     (no shield)
rPois  .         Spirit   .     (helmet restricted)
rElec  .         Reflect  .     (no cloak)
rCorr  .         Harm     .     o - +0 pair of gloves
MR     .....                    (boots unavailable)
Stlth  +.........               (no amulet)
                                (no ring)
                                (no ring)

@: no status effects
A: beak, talons 3
a: Renounce Religion


You were on level 3 of the Dungeon.
You worshipped Xom.
You were Xom's teddy bear.
You were not hungry.

You visited 1 branch of the dungeon, and saw 3 of its levels.

You collected 136 gold pieces.

Inventory:

Hand Weapons
 a - a +0 falchion of chaos (weapon)
 l - a +0 rapier
 q - a +0 blowgun
Missiles
 e - 26 sling bullets
 f - 30 arrows
 g - 2 tomahawks of returning (quivered)
 r - 24 poisoned needles
Armour
 b - a +2 leather armour (worn)
 o - a +0 pair of gloves (worn)
Scrolls
 i - a scroll of enchant armour {unknown}
 m - a scroll of blinking {unknown}
 n - 3 scrolls of identify {unknown}
 p - a scroll of recharging {unknown}
 s - a scroll of noise {unknown}
 t - a scroll of teleportation {unknown}
 u - a scroll of remove curse {unknown}
Potions
 d - 2 potions of curing
 k - a potion of cure mutation {unknown}
Comestibles
 c - a bread ration
 h - 2 meat rations
 j - a slice of pizza


   Skills:
 - Level 3.0 Fighting
 + Level 6.0 Long Blades
 - Level 2.1 Armour
 - Level 1.1 Dodging


You had 3 spell levels left.
You didn't know any spells.

Dungeon Overview and Level Annotations

Branches:
Dungeon (3/15)

Altars:
Vehumet


Innate Abilities, Weirdness & Mutations

You have a beak for a mouth.
You have claws for feet.


Message History

The goblin hits you. The steam dragon closely misses you.
The steam dragon claws you but does no damage.
You hit the steam dragon but do no damage.
Your kick misses the steam dragon.
The steam dragon is severely wounded.
The goblin is engulfed in a cloud of scalding steam.
The goblin dies!
The steam dragon breathes steam at you. The ball of steam hits you!
You die... "That's my teddy bear, go get your own!"
Xom revives you!
It was a potion of curing.
You feel better.
Xom roars with laughter!
You are engulfed in a cloud of scalding steam.
The steam dragon bites you!
* * * LOW HITPOINT WARNING * * *
The steam dragon claws you.
You die...
Xom guffaws!

#.#.#># ##...## #.#
#.#.# #.#.#.# ##+#
#.# #...# #.#.#.#
#.######.#####.###
#....
###.#............#
### ...#$.
.....##.## ##....#
###..##.# #.....#
###..##.#
####.§D§###.......#
#....§@§....#..####
...##.##§#####..# #
#(#####..#
#........#
#........#
##########


You could see a steam dragon.

Vanquished Creatures
  4 adders
  An ooze (D:2)
  2 dart slugs
  3 orcs (D:3)
  2 ball pythons
  5 giant cockroaches
  4 hobgoblins
  16 jackals
  6 kobolds
  2 bats
  3 frilled lizards (D:3)
  5 goblins
  7 rats
60 creatures vanquished.

Vanquished Creatures (collateral kills)
  A rat (D:3)
1 creature vanquished.

Vanquished Creatures (others)
  A goblin (D:3)
1 creature vanquished.

Grand Total: 62 creatures vanquished

Notes
Turn   | Place    | Note
-------+----------+-------------------------------------------
     0 | D:1      | dracos369 the Tengu Chaos Knight began the quest for the Orb.
     0 | D:1      | Reached XP level 1. HP: 14/14 MP: 2/2
    29 | D:1      | XOM: harmless Divn miscast
   108 | D:1      | Reached XP level 2. HP: 11/19 MP: 3/3
   114 | D:1      | Reached skill level 4 in Long Blades
   164 | D:1      | XOM is BORED!
   164 | D:1      | XOM: harmless Erth miscast
   529 | D:2      | Reached XP level 3. HP: 20/23 MP: 4/4
   588 | D:2      | Reached skill level 5 in Long Blades
   800 | D:2      | Reached XP level 4. HP: 28/28 MP: 5/5
  1081 | D:3      | XOM: noise
  1503 | D:3      | Reached skill level 6 in Long Blades
  1518 | D:3      | Found a radiant altar of Vehumet.
  1522 | D:3      | XOM is BORED!
  1522 | D:3      | XOM: medium Conj miscast
  1818 | D:3      | Noticed a steam dragon
  1818 | D:3      | a bat changed into a steam dragon
  1819 | D:3      | XOM: enchant monster (good)
  1823 | D:3      | Xom revived you
  1824 | D:3      | Slain by a steam dragon

Skill      XL: |  1  2  3  4 |
---------------+-------------+-----
Long Blades    | 4 5 6 |  6.0
Fighting       | |  3.0
Armour         | |  2.1
Dodging        | |  1.1

Action                   |  1- 3 |  4- 6 || total
-------------------------+-------+-------++-------
Melee: Falchion          |    87 |    62 ||   149
       Kick              |    27 |    19 ||    46
       Peck              |    19 |     4 ||    23
  Use: Potion            |       |     1 ||     1
 Stab: Petrifying        |     1 |     1 ||     2
  Eat: Chunk             |       |     3 ||     3
Armor: Leather armour    |    33 |    23 ||    56
Dodge: Dodged            |    47 |    47 ||    94
       Rpst.: Falchion   |    13 |    11 ||    24
